 Dungeon Crawl Stone Soup version 0.16.2-12-gd0ad4c3 (webtiles) character file.

60 Burgundious the Conjurer (level 3, 0/21 HPs)
             Began as a High Elf Conjurer on Sept 18, 2015.
             Slain by a centaur (10 damage)
             ... on level 3 of the Dungeon.
             The game lasted 00:05:16 (1743 turns).

Burgundious the Conjurer (High Elf Conjurer)        Turns: 1743, Time: 00:05:16

Health: 0/21       AC:  2    Str:  7    XL:     3   Next: 80%
Magic:  2/8        EV: 13    Int: 19    God:
Gold:   65         SH:  0    Dex: 16    Spells: 3 memorised, 0 levels left

rFire  . . .     SeeInvis .     l - +0 dagger (flame)
rCold  . . .     Clarity  .     a - +0 robe
rNeg   . . .     SustAb   .     (no shield)
rPois  .         Gourm    .     (no helmet)
rElec  .         Spirit   .     (no cloak)
rCorr  .         Warding  .     (no gloves)
rMut   .         Stasis   .     (no boots)
MR     .....                    (no amulet)
Stlth  ++........               (no ring)
                                (no ring)

@: not resistant to hostile enchantments, unstealthy
A: no striking features
a: no special abilities


You were on level 3 of the Dungeon.
You were not hungry.

You visited 1 branch of the dungeon, and saw 3 of its levels.

You collected 65 gold pieces.

Inventory:

Hand weapons
 f - a +0 club
 l - a +0 dagger of flaming (weapon)
 w - a cursed -2 blowgun
Missiles
 d - 24 stones (quivered)
Armour
 a - a +0 robe (worn)
Jewellery
 k - an uncursed ring of fire {unknown}
Scrolls
 h - a scroll of fear {unknown}
 o - 2 scrolls of random uselessness {unknown}
 p - a scroll of noise {unknown}
 q - a scroll of recharging {unknown}
 s - a scroll of enchant weapon {unknown}
 u - a scroll of identify {unknown}
Potions
 e - a potion of might {unknown}
 g - a potion of restore abilities {unknown}
 j - a potion of curing {unknown}
 m - a potion of agility {unknown}
 n - a potion of haste {unknown}
 r - a potion of poison {unknown}
 t - a potion of magic {unknown}
 v - 2 potions of berserk rage {unknown}
Books
 c - a book of Conjurations

   Spells                             Type                      Level
   a - Magic Dart                     Conjuration                  1
   b - Searing Ray                    Conjuration                  2
   c - Dazzling Spray                 Conjuration/Hexes            3
   d - Fulminant Prism                Conjuration/Hexes            4
   e - Iskenderun's Mystic Blast      Conjuration                  4
   f - Iskenderun's Battlesphere      Conjuration/Charms           5
Comestibles
 b - 2 bread rations
 i - a royal jelly


   Skills:
 - Level 2.1 Dodging
 - Level 2.1 Stealth
 + Level 2.4 Spellcasting
 - Level 6.0 Conjurations


You couldn't memorise any spells.
You knew the following spells:

 Your Spells              Type           Power        Failure   Level  Hunger
a - Magic Dart            Conj           ####         1%          1    #......
b - Searing Ray           Conj           ####..       1%          2    ##.....
c - Dazzling Spray        Conj/Hex       ##......     14%         3    ###....


Dungeon Overview and Level Annotations

Branches:
Dungeon (3/15)

Altars:
Fedhas


Message History

The centaur wields a shortbow.
The centaur shoots an arrow.
The arrow hits you.
The centaur unwields an uncursed shortbow.
The centaur misses you.
Casting: Magic Dart
Confirm with . or Enter, or press ? or * to list all spells.
Aiming: Searing Ray
Press: ? - help, Shift-Dir - straight line, f - centaur
Aim: a centaur The searing ray hits the centaur.
The centaur closely misses you. The centaur hits you.
The searing ray hits the centaur.
The centaur is lightly wounded.
The centaur closely misses you.
The searing ray hits the centaur.
The centaur is moderately wounded.
The centaur hits you. x2
The searing ray hits the centaur.
The centaur is severely wounded.
The centaur hits you!
You die...

#.. #.# # #.#.# #
#.#.# ###
#.###.#.#....
#c.........
#.......# # #c# #
#.###@###.#
#.........####
#.##.....>....
#########..###.####
............# #
##.#########...#
#..............# .
#######........# .
.# #######..# #. .#


You could see a centaur.

Vanquished Creatures
  An adder (D:3)
  A worm (D:2)
  A ball python (D:1)
  3 bats
  7 giant cockroaches
  9 goblins
  7 hobgoblins
  8 kobolds
  A giant newt (D:3)
  5 rats
43 creatures vanquished.

Vanquished Creatures (others)
  5 toadstools (D:1)
5 creatures vanquished.

Grand Total: 48 creatures vanquished

Notes
Turn   | Place    | Note
--------------------------------------------------------------
     0 | D:1      | Burgundious, the High Elf Conjurer, began the quest for the Orb.
     0 | D:1      | Reached XP level 1. HP: 11/11 MP: 4/4
   172 | D:1      | Reached XP level 2. HP: 12/17 MP: 1/6
   179 | D:1      | Learned a level 2 spell: Searing Ray
   202 | D:1      | Reached skill level 5 in Conjurations
   504 | D:1      | Reached XP level 3. HP: 21/21 MP: 2/8
   688 | D:2      | Learned a level 3 spell: Dazzling Spray
   689 | D:2      | Found a blossoming altar of Fedhas.
  1588 | D:3      | Reached skill level 6 in Conjurations
  1735 | D:3      | Noticed a centaur
  1743 | D:3      | Slain by a centaur

Action                   || total
-------------------------++-------
Melee: Club              ||    15
       Dagger            ||    11
 Cast: Magic Dart        ||    69
       Searing Ray       ||     2
  Eat: Chunk             ||     3
